AoeStats
← GambitBoyNC

Lombardia

509848694Analyzed
3v3 RM · 4d ago on Sep 28, 2026· 72m 37s· 6 players
Game mode
Random Map
Map size
Normal (6 player)
Population
200
Speed
Normal
Resources
Standard
Victory
Conquest
Starting age
Dark Age
Ending age
Imperial Age
RankedLock teamsTeams togetherTeam positionsShared explorationLock speedFull tech treeHidden civsTurbo modeCheats
Victory
Defeat
🇹🇷 Maya · Türkiye
778
+15
🇹🇷 Huns · Türkiye
766
+15
🇹🇷 Georgians · Türkiye
716
+17
🇫🇷 Malay · France
847
-20
🇫🇷 Sicilians · France
706
-14
🇳🇨 Franks · New Caledonia
690
-13
jono
14:11 Feudal Age
14:18 Feudal Age
19:07 Castle Age
17:52 Double-Bit Axe
17:59 Loom
18:28 Forging
19:40 Scale Barding Armor
24:51 Bow Saw
35:03 Iron Casting
34:28 Gold Mining
35:24 Husbandry
35:52 Caravan
37:40 Light Cavalry
38:47 Chain Barding Armor
42:38 Gold Shaft Mining
44:12 Town Watch
47:31 Imperial Age
45:40 Wheelbarrow
45:06 Town Patrol
45:18 Pikeman
49:19 Scale Mail Armor
50:25 Cavalier
52:10 Blast Furnace
51:45 Plate Barding Armor
52:06 Fletching
63:20 Chivalry
64:35 Halberdier
65:39 Paladin
chazychaz
10:47 Feudal Age
10:49 Horse Collar
10:57 Double-Bit Axe
16:38 Castle Age
16:27 Loom
21:47 Bow Saw
22:53 Bow Saw
25:17 Husbandry
26:34 Scale Barding Armor
28:01 Wheelbarrow
28:59 Forging
28:40 Pikeman
30:24 Hand Cart
29:56 Town Watch
31:06 Iron Casting
35:38 Gold Mining
35:39 Stone Mining
35:50 Heavy Plow
36:31 Fletching
36:06 Light Cavalry
44:17 Imperial Age
43:28 Gold Shaft Mining
43:28 Stone Shaft Mining
44:32 Bodkin Arrow
45:39 Blast Furnace
45:16 Bracer
44:54 Halberdier
48:11 Conscription
47:47 Elite Karambit Warrior
49:16 Padded Archer Armor
49:41 Elite Skirmisher
50:26 Thumb Ring
51:20 Guilds
51:37 Forced Levy
53:40 Squires
53:58 Leather Archer Armor
60:07 Elite Battle Elephant
65:32 Ring Archer Armor
70:18 Chemistry
69:44 Ballistics
69:20 Murder Holes
70:13 Treadmill Crane
GambitBoyNC
10:20 Feudal Age
9:30 Loom
15:12 Castle Age
13:21 Double-Bit Axe
28:59 Horse Collar
33:50 Pikeman
35:28 Squires
37:35 Stone Mining
37:36 Gold Mining
40:17 Gold Shaft Mining
40:07 Bow Saw
40:09 Heavy Plow
42:04 Masonry
41:51 Murder Holes
44:24 Wheelbarrow
43:35 Town Watch
45:21 Arson
45:22 Gambesons
50:11 Imperial Age
48:04 Hand Cart
55:59 Conscription
56:15 Hoardings
56:03 Town Patrol
60:59 Hauberk
60:35 Halberdier
62:21 Forging
62:12 Scale Mail Armor
63:47 Chemistry
64:27 Chain Mail Armor
64:47 Iron Casting
66:42 Plate Mail Armor
69:44 Ballistics
69:30 Siege Engineers
BLZ-Chelios-
5:30 Loom
11:34 Feudal Age
15:21 Scale Barding Armor
16:31 Forging
19:45 Double-Bit Axe
24:44 Castle Age
24:42 Horse Collar
25:19 Bloodlines
26:02 Chain Barding Armor
25:48 Husbandry
26:11 Light Cavalry
30:09 Gold Mining
34:52 Iron Casting
42:30 Imperial Age
44:48 Masonry
44:43 Murder Holes
45:38 Bow Saw
49:46 Cavalier
52:24 Gold Shaft Mining
55:55 Marauders
60:46 Elite Tarkan
69:01 Plate Barding Armor
70:00 Hussar
70:03 Hussar
Senickhe55
0:38 Loom
12:17 Feudal Age
15:21 Wheelbarrow
15:06 Double-Bit Axe
19:03 Bloodlines
19:47 Horse Collar
21:34 Scale Barding Armor
22:50 Forging
26:36 Castle Age
24:51 Gold Mining
27:39 Bow Saw
27:20 Stone Mining
28:05 Chain Barding Armor
28:21 Heavy Plow
29:48 Iron Casting
29:52 Treadmill Crane
30:23 Masonry
30:35 Ballistics
31:38 Husbandry
33:55 Murder Holes
36:08 Hand Cart
43:07 Imperial Age
41:08 Svan Towers
44:37 Plate Barding Armor
45:03 Blast Furnace
43:34 Cavalier
48:47 Aznauri Cavalry
49:03 Conscription
54:38 Caravan
61:11 Crop Rotation
61:16 Elite Monaspa
68:38 Hoardings
yuzika
0:53 Loom
10:23 Feudal Age
11:17 Double-Bit Axe
12:32 Wheelbarrow
14:09 Horse Collar
14:44 Padded Archer Armor
16:04 Fletching
22:03 Castle Age
21:14 Gold Mining
25:01 Leather Archer Armor
24:34 Crossbowman
26:45 Bodkin Arrow
28:52 Thumb Ring
28:52 Town Watch
30:11 Heavy Plow
32:54 Ballistics
32:30 Murder Holes
34:09 Stone Mining
35:58 Hand Cart
38:14 Imperial Age
35:54 Treadmill Crane
36:20 Town Patrol
37:19 Bow Saw
38:34 Stone Shaft Mining
39:39 Masonry
39:50 Arbalester
41:02 Onager
42:10 Bracer
42:59 Conscription
44:14 Two-Man Saw
46:00 Chemistry
45:31 Architecture
45:34 Ring Archer Armor
48:01 Holcans
47:31 Capped Ram
52:53 Caravan
53:24 Coinage
53:05 Guilds
55:22 Hoardings
55:21 Siege Ram
60:40 Banking
63:16 Elite Plumed Archer
Connection lost

Rejoining the realm…

Still unreachable

The connection could not be restored.

Session expired

The server has moved on; the page needs a fresh start.